 Dungeon Crawl Stone Soup version 0.28.0 (webtiles) character file.

Game seed: 7342748334879452879

4763 GrayStillPlays the Blocker (level 10, -3/82 HPs)
             Began as a Gnoll Fighter on Feb 9, 2022.
             Was a Priest of Vehumet.
             Slain by a six-headed hydra (12 damage)
             ... on level 8 of the Dungeon.
             The game lasted 00:21:50 (9441 turns).

GrayStillPlays the Blocker (Gnoll Fighter)          Turns: 9441, Time: 00:21:51

Health: -3/82      AC: 10    Str: 19    XL:     10   Next: 47%
Magic:  17/17      EV: 15    Int: 12    God:    Vehumet [***...]
Gold:   501        SH:  6    Dex: 11    Spells: 17/19 levels left

rFire   + + .      SeeInvis +   K - +1 long sword "Qolagaud" {flame, rPois Str+3, long}
rCold   . . .      Faith    +   c - +0 buckler
rNeg    . . .      Spirit   .   e - +1 scale mail {rF+}
rPois   +          Reflect  .   (no helmet)
rElec   .          Harm     .   (no cloak)
rCorr   .          Rampage  .   J - +0 pair of gloves
Will    .....                   (no boots)
Stlth   +.........              a - amulet of faith {!P}
HPRegen 0.23/turn               f - ring of protection from fire
MPRegen 0.15/turn               v - ring "Vabb" {EV+4 SInv}

@: no status effects
A: fangs 1, strong nose, distributed training
a: Renounce Religion


You were on level 8 of the Dungeon.
You worshipped Vehumet.
Vehumet was most pleased with you.
You visited 2 branches of the dungeon, and saw 9 of its levels.

You collected 501 gold pieces.


Innate Abilities, Weirdness & Mutations

You have very sharp teeth.
Your uncanny sense of smell can sniff out nearby items.
Your experience applies equally to all skills.


   Skills:
 + Level 8.5 Fighting
 + Level 5.3 Short Blades
 + Level 5.3 Long Blades
 + Level 7.1 Axes
 + Level 5.3 Maces & Flails
 + Level 5.3 Polearms
 + Level 5.3 Staves
 + Level 5.3 Slings
 + Level 5.3 Bows
 + Level 5.3 Crossbows
 + Level 5.3 Throwing
 + Level 8.5 Armour
 + Level 5.3 Dodging
 + Level 5.3 Stealth
 + Level 8.5 Shields
 + Level 5.3 Unarmed Combat
 + Level 5.3 Spellcasting
 + Level 4.4 Conjurations
 + Level 4.4 Hexes
 + Level 4.4 Summonings
 + Level 4.4 Necromancy
 + Level 4.4 Translocations
 + Level 4.4 Transmutations
 + Level 4.4 Fire Magic
 + Level 4.4 Ice Magic
 + Level 4.4 Air Magic
 + Level 4.4 Earth Magic
 + Level 4.4 Poison Magic
 + Level 5.8 Invocations
 + Level 5.3 Evocations


You had 17 spell levels left.
You knew the following spells:

 Your Spells              Type           Power      Damage    Failure   Level
a - Poisonous Vapours     Pois/Air       26%        N/A       4%          2

Your spell library contained the following spells:

 Spells                   Type           Power      Damage    Failure   Level
 Stone Arrow              Conj/Erth      26%        3d8       9%          3
 Scorch                   Fire           26%        2d6       4%          2
 Mephitic Cloud           Conj/Pois/Air  13%        N/A       9%          3
 Animate Skeleton         Necr           26%        N/A       11%         1
 Apportation              Tloc           26%        N/A       11%         1
 Summon Small Mammal      Summ           52%        N/A       11%         1
 Ensorcelled Hibernation  Hex/Ice        26%        N/A       16%         2
 Passwall                 Tmut/Erth      10%        N/A       16%         2
 Flame Wave               Conj/Fire      13%        2d6       26%         4
 Swiftness                Air            13%        N/A       30%         3
 Summon Lightning Spire   Summ/Air       13%        N/A       71%         4
 Summon Cactus Giant      Summ           6%         N/A       100%        6

Inventory:

Hand Weapons
 b - a +4 flail of draining {mace}
   (You took it off Edmund on level 5 of the Dungeon)
 n - a +2 vampiric whip {mace}
   (You found it on level 2 of the Dungeon)
 y - a +0 executioner's axe {axerare=g}
   (You found it on level 3 of the Dungeon)
 A - a +1 dagger of venom {short}
   (You took it off an orc wizard on level 2 of the Dungeon)
 K - the +1 long sword "Qolagaud" (weapon) {flame, rPois Str+3, long}
   (You found it on level 6 of the Dungeon)

   It burns those it strikes, dealing additional fire damage.
   Big, fiery blades are also staple armaments of hydra-hunters.
   Str:       It affects your strength (+3).
   rPois:     It protects you from poison.
Missiles
 h - 324 stones (quivered) {throwing}
 i - 66 bolts
 t - 2 javelins {throwing}
 w - 31 sling bullets
 x - 145 arrows
 z - 4 boomerangs {throwing}
 F - 4 poisoned darts {throwing}
 P - a throwing net {=f!fthrowing}
 Q - 6 atropa-tipped darts {throwing}
 V - a curare-tipped dart {=fthrowing}
Armour
 c - a +0 buckler (worn)
 e - a +1 scale mail of fire resistance (worn)
   (You found it on level 1 of the Dungeon)
 B - a +0 robe
   (You took it off an orc wizard on level 2 of the Dungeon)
 J - a +0 pair of gloves (worn)
   (You found it on level 6 of the Dungeon)
Magical Staves
 H - a staff of poison {!astaff}
   (You found it on level 4 of the Dungeon)
Jewellery
 a - an amulet of faith (around neck) {!P}
   (You found it on level 8 of the Dungeon)
 f - a ring of protection from fire (left hand)
   (You found it on level 1 of the Dungeon)
 v - the ring "Vabb" (right hand) {EV+4 SInv}
   (You found it on level 2 of the Dungeon)

   [ring of evasion]

   EV:        It affects your evasion (+4).
   SInv:      It lets you see invisible.
 I - a ring of fire
   (You found it on level 5 of the Dungeon)
Wands
 u - a wand of mindburst (11)
   (You found it on level 2 of the Dungeon)
 E - a wand of charming (10)
   (You found it on level 4 of the Dungeon)
 O - a wand of digging (8)
   (You found it on level 6 of the Dungeon)
 S - a wand of flame (31)
   (You found it on level 7 of the Dungeon)
 T - a wand of acid (8)
   (You took it off a kobold on level 8 of the Dungeon)
 U - a wand of polymorph (6)
   (You found it on level 8 of the Dungeon)
Scrolls
 j - a scroll of torment {unknown}
 k - a scroll of holy word {unknown}
 m - a scroll of summoning {unknown}
 p - 2 scrolls of noise {unknown}
 q - 2 scrolls of identify {unknown}
 r - a scroll of fog {unknown}
 s - 2 scrolls of vulnerability {!r!r}
 C - 2 scrolls of immolation {unknown}
 D - a scroll of blinking {unknown}
 L - 4 scrolls of teleportation {@r4}
 N - a scroll of amnesia {unknown}
Potions
 d - 4 potions of might
 g - 5 potions of curing {unknown}
 l - a potion of mutation {unknown}
 o - a potion of degeneration {unknown}
 G - 2 potions of ambrosia {unknown}
 M - a potion of brilliance {unknown}
 R - a potion of cancellation {unknown}

Dungeon Overview and Level Annotations

Branches:
Dungeon (8/15)             Temple (0/1) D:5            Lair (1/6) D:8

Altars:
Ashenzari
Fedhas
Hepliaklqana
Makhleb
Qazlal
Uskayaw
Vehumet
The Shining One

Annotations:
D:4 1 runed translucent door, Crazy Yiuf ####### ##PPPPP## #PPPPPP.#

#P....P.##
######
#P.>.@...#
#.....
#PP.D....##
#.....
#PP.......#
#.....
#PP.PP....#
#.....
#PPPPP....#
#.....
#PPP....#.#
#.....
#PP.....#รท#
#.....
##P....##โ€
# #.<...
##...###.#
#.....


You could see a six-headed hydra.


Message History

You kill the wolf!
Vehumet accepts your kill. You block the wolf's attack.
You slash the wolf! You burn the wolf. Your bite misses the wolf.
The wolf completely misses you. x2
The bullfrog swells and bulges.
You miss the wolf. The wolf bites you but does no damage. The wolf misses you.
You slash the wolf! You burn the wolf. Your bite misses the wolf.
The wolf barely misses you. x2 ๐Ÿ˜ฎ HP[+1]
You slash the wolf! You burn the wolf.
You kill the wolf!
Vehumet accepts your kill. You block the bullfrog's attack.
You hit the bullfrog. You burn the bullfrog. The bullfrog closely misses you.
The bullfrog misses you.
You barely miss the bullfrog. Your bite misses the bullfrog.
The bullfrog misses you. You block the bullfrog's attack.
You closely miss the bullfrog.
You block the bullfrog's attack. ๐Ÿ˜ฎ HP[+1]
You slash the bullfrog! You burn the bullfrog. Your bite misses the bullfrog.
The bullfrog barely misses you. x2
You barely miss the bullfrog. The bullfrog hits you.
The bullfrog hits you but does no damage. ๐Ÿ˜ฎ HP[-1]
You take 1 damage, and now have 60/82 hp.
You slash the bullfrog! You burn the bullfrog.
You kill the bullfrog!
Vehumet accepts your kill. The wolf barely misses you. ๐Ÿ˜ฎ HP[+1]
You closely miss the wolf. The wolf barely misses you.
The wolf bites you but does no damage.
You hit the wolf. You burn the wolf. Your bite misses the wolf.
The wolf bites you but does no damage.
You slash the wolf! You burn the wolf. The wolf barely misses you. x2
You closely miss the wolf. You bite the wolf, but do no damage.
The wolf closely misses you.
The wolf completely misses you. ๐Ÿ˜• HP[+1]
You closely miss the wolf. You block the wolf's attack. The wolf misses you.
You hit the wolf. You burn the wolf. Your bite misses the wolf.
The wolf closely misses you. The wolf misses you.
You barely miss the wolf. You block the wolf's attack.
The wolf closely misses you.
You slash the wolf! You burn the wolf.
You kill the wolf!
Vehumet accepts your kill. ๐Ÿ˜• HP[+1]
Things that are here:
a bullfrog corpse; a wolf corpse; a wolf corpse
Things that are here:
a wolf corpse; a water moccasin corpse You start resting. ๐Ÿ˜Ž HP[+19]
Your hp is fully restored (82).
Memorise Poisonous Vapours, consuming 2 spell levels and leaving 17?
You start memorising the spell.
You continue memorising. x2
You finish memorising.
Spell assigned to 'a'.
There is a staircase to the Lair here.
You climb downwards.
Welcome back to the Lair of Beasts!
You block the six-headed hydra's attack.
The six-headed hydra bites you! x3
The six-headed hydra closely misses you.
The six-headed hydra bites you but does no damage. x2
You block the six-headed hydra's attack.
The six-headed hydra bites you.
The six-headed hydra bites you but does no damage.
The six-headed hydra misses you. The six-headed hydra bites you.
There is a staircase back to the Dungeon, spattered with blood here. ๐Ÿ˜ฎ HP[-37]
You take 37 damage, and now have 45/82 hp.
MASSIVE DAMAGE!! (PAUSE)
The six-headed hydra bites you.
The six-headed hydra closely misses you.
The six-headed hydra bites you.
* * * LOW HITPOINT WARNING * * *
The six-headed hydra bites you.
* * * LOW HITPOINT WARNING * * *
The six-headed hydra bites you.
* * * LOW HITPOINT WARNING * * *
The six-headed hydra closely misses you.
You climb upwards.
Welcome back to the Dungeon!
There is a staircase to the Lair here. ๐Ÿ˜จ HP[-13]
You take 13 damage, and now have 32/82 hp.
The six-headed hydra bites you.
* * * LOW HITPOINT WARNING * * *
You block the six-headed hydra's attack.
The six-headed hydra bites you but does no damage.
The six-headed hydra barely misses you.
The six-headed hydra closely misses you.
The six-headed hydra bites you!
* * * LOW HITPOINT WARNING * * *
๐Ÿ˜ฑ HP[-16]
You take 16 damage, and now have 16/82 hp.
The six-headed hydra bites you!
* * * LOW HITPOINT WARNING * * *
The six-headed hydra bites you but does no damage.
The six-headed hydra barely misses you. x2; The six-headed hydra bites you!
You die...

Skill      XL: |  1  2  3  4  5  6  7  8  9 10 |
---------------+-------------------------------+-----
Invocations    | 1 2 3 4 5 |  5.8
Short Blades   | 1 2 3 4 5 |  5.3
Long Blades    | 1 2 3 4 5 |  5.3
Maces & Flails | 1 2 3 4 5 |  5.3
Polearms       | 1 2 3 4 5 |  5.3
Staves         | 1 2 3 4 5 |  5.3
Slings         | 1 2 3 4 5 |  5.3
Bows           | 1 2 3 4 5 |  5.3
Crossbows      | 1 2 3 4 5 |  5.3
Throwing       | 1 2 3 4 5 |  5.3
Dodging        | 1 2 3 4 5 |  5.3
Stealth        | 1 2 3 4 5 |  5.3
Unarmed Combat | 1 2 3 4 5 |  5.3
Spellcasting   | 1 2 3 4 5 |  5.3
Evocations     | 1 2 3 4 5 |  5.3
Conjurations   | 1 2 3 4 |  4.4
Hexes          | 1 2 3 4 |  4.4
Summonings     | 1 2 3 4 |  4.4
Necromancy     | 1 2 3 4 |  4.4
Translocations | 1 2 3 4 |  4.4
Transmutations | 1 2 3 4 |  4.4
Fire Magic     | 1 2 3 4 |  4.4
Ice Magic      | 1 2 3 4 |  4.4
Air Magic      | 1 2 3 4 |  4.4
Earth Magic    | 1 2 3 4 |  4.4
Poison Magic   | 1 2 3 4 |  4.4
Axes           | 5 6 7 |  7.1
Fighting       | 7 8 |  8.5
Armour         | 7 8 |  8.5
Shields        | 7 8 |  8.5

Action                   |  1- 3 |  4- 6 |  7- 9 | 10-12 || total
-------------------------+-------+-------+-------+-------++-------
Melee: War axe           |    76 |    84 |       |       ||   160
       Bite              |     7 |    18 |    20 |     7 ||    52
       Whip              |       |   127 |    42 |       ||   169
       Flail             |       |       |    59 |       ||    59
       Long sword        |       |       |   129 |   102 ||   231
Throw: Dart              |       |    17 |    87 |     4 ||   108
       Stone             |       |     3 |    14 |     2 ||    19
Evoke: Wand              |       |       |    13 |       ||    13
  Use: Scroll            |       |       |     4 |       ||     4
Armor: Scale mail        |    35 |    76 |    77 |    39 ||   227
Dodge: Dodged            |    36 |   106 |   169 |   106 ||   417
Block: Buckler           |    21 |    59 |    67 |    47 ||   194

Levels and vault maps discovered:
D:1:      dpeg_arrival_shelter, layout_rooms, ebering_ecumenical_altar_box,
          minmay_tree_intersection
D:2:      minmay_razor_zed, layout_loops_ring, basic_altar, grunt_ministairs_9
D:3:      layout_rooms, lemuel_round_altar
D:4:      layout_rooms, uniq_crazy_yiuf_cottage
D:5:      layout_cave_pools, nicolae_overflow_crystal_walls,
          mainiacjoe_overflow_paths, beargit_hepliaklqana_dungeon_heroes,
          minmay_temple_entry_mini_moons, minmay_misc_feat_alley, uniq_edmund
D:6:      layout_cave_pods, mainiacjoe_overflow_boulevard
D:7:      minmay_chambers_of_sixes, layout_loops_ring
D:8:      layout_rooms, grunt_qazlal_clouds, gammafunk_temple_overflow_elements,
          david_lair_shrubbed, uniq_maggie
Lair:1:   layout_layer_cave, chequers_serial_rivers_small_3, grunt_megastairs_5

Notes
Turn   | Place    | Note
-------+----------+-------------------------------------------
     0 | D:1      | GrayStillPlays the Gnoll Fighter began the quest for the
                  | Orb.
     0 | D:1      | Reached XP level 1. HP: 23/23 MP: 1/1
     0 | D:1      | magus.rc [v1.9.6]
   124 | D:1      | You pick up a book of Burglary and begin reading...
   124 | D:1      | You add the spells Passwall, Ensorcelled Hibernation and
                  | Swiftness to your library.
   290 | D:1      | Reached XP level 2. HP: 29/29 MP: 2/2
   315 | D:1      | Found a faded altar of an unknown god.
   911 | D:2      | Found a radiant altar of Vehumet.
  1198 | D:2      | Became a worshipper of Vehumet
  1251 | D:2      | Reached XP level 3. HP: 31/35 MP: 3/3
  1296 | D:2      | Reached skill level 1 in Invocations
  1366 | D:2      | Reached skill level 1 in Short Blades
  1366 | D:2      | Reached skill level 1 in Long Blades
  1366 | D:2      | Reached skill level 1 in Maces & Flails
  1366 | D:2      | Reached skill level 1 in Polearms
  1366 | D:2      | Reached skill level 1 in Staves
  1366 | D:2      | Reached skill level 1 in Slings
  1366 | D:2      | Reached skill level 1 in Bows
  1366 | D:2      | Reached skill level 1 in Crossbows
  1366 | D:2      | Reached skill level 1 in Throwing
  1366 | D:2      | Reached skill level 1 in Dodging
  1366 | D:2      | Reached skill level 1 in Stealth
  1366 | D:2      | Reached skill level 1 in Unarmed Combat
  1366 | D:2      | Reached skill level 1 in Spellcasting
  1366 | D:2      | Reached skill level 1 in Evocations
  1366 | D:2      | Reached XP level 4. HP: 41/41 MP: 5/5
  1550 | D:2      | Identified the ring "Vabb" {EV+4 SInv}
  1570 | D:2      | You add the spells Poisonous Vapours, Mephitic Cloud and
                  | Summon Lightning Spire to your library.
  1570 | D:2      | Got the Almanac of Glacial Feathers
  1764 | D:2      | Reached skill level 1 in Conjurations
  1764 | D:2      | Reached skill level 1 in Hexes
  1764 | D:2      | Reached skill level 1 in Summonings
  1764 | D:2      | Reached skill level 1 in Necromancy
  1764 | D:2      | Reached skill level 1 in Translocations
  1764 | D:2      | Reached skill level 1 in Transmutations
  1764 | D:2      | Reached skill level 1 in Fire Magic
  1764 | D:2      | Reached skill level 1 in Ice Magic
  1764 | D:2      | Reached skill level 1 in Air Magic
  1764 | D:2      | Reached skill level 1 in Earth Magic
  1764 | D:2      | Reached skill level 1 in Poison Magic
  1880 | D:3      | y - a +0 executioner's axe {axerare=g}
  1893 | D:3      | Reached * piety under Vehumet
  1893 | D:3      | Offered knowledge of Magic Dart by Vehumet.
  1972 | D:3      | You pick up a book of Cantrips and begin reading...
  1972 | D:3      | You add the spells Animate Skeleton, Summon Small Mammal
                  | and Apportation to your library.
  2002 | D:3      | Reached XP level 5. HP: 39/47 MP: 6/6
  2136 | D:2      | HP: 11/47 [poisoned by an orc wizard]
  2141 | D:2      | HP: 7/47 [poisoned by an orc wizard]
  2823 | D:3      | Found a radiant altar of Vehumet.
  2918 | D:4      | Reached XP level 6. HP: 53/53 MP: 8/8
  2970 | D:4      | Reached skill level 2 in Invocations
  3169 | D:4      | Found a runed translucent door.
  3170 | D:4      | Noticed Crazy Yiuf
  3205 | D:4      | Noticed a black bear
  3223 | D:4      | Killed a black bear
  3224 | D:4      | Reached skill level 2 in Short Blades
  3224 | D:4      | Reached skill level 2 in Long Blades
  3224 | D:4      | Reached skill level 5 in Axes
  3224 | D:4      | Reached skill level 2 in Maces & Flails
  3224 | D:4      | Reached skill level 2 in Polearms
  3224 | D:4      | Reached skill level 2 in Staves
  3224 | D:4      | Reached skill level 2 in Slings
  3224 | D:4      | Reached skill level 2 in Bows
  3224 | D:4      | Reached skill level 2 in Crossbows
  3224 | D:4      | Reached skill level 2 in Throwing
  3224 | D:4      | Reached skill level 2 in Dodging
  3224 | D:4      | Reached skill level 2 in Stealth
  3224 | D:4      | Reached skill level 2 in Unarmed Combat
  3224 | D:4      | Reached skill level 2 in Spellcasting
  3224 | D:4      | Reached skill level 2 in Evocations
  3268 | D:4      | Offered knowledge of Shock by Vehumet.
  3303 | D:4      | Reached ** piety under Vehumet
  3546 | D:5      | Entered Level 5 of the Dungeon
  3616 | D:5      | Found a staircase to the Ecumenical Temple.
  3686 | D:5      | Reached skill level 7 in Fighting
  3686 | D:5      | Reached skill level 7 in Armour
  3686 | D:5      | Reached skill level 7 in Shields
  3686 | D:5      | Reached XP level 7. HP: 60/60 MP: 10/10
  3715 | D:5      | Reached skill level 2 in Conjurations
  3715 | D:5      | Reached skill level 2 in Hexes
  3715 | D:5      | Reached skill level 2 in Summonings
  3715 | D:5      | Reached skill level 2 in Necromancy
  3715 | D:5      | Reached skill level 2 in Translocations
  3715 | D:5      | Reached skill level 2 in Transmutations
  3715 | D:5      | Reached skill level 2 in Fire Magic
  3715 | D:5      | Reached skill level 2 in Ice Magic
  3715 | D:5      | Reached skill level 2 in Air Magic
  3715 | D:5      | Reached skill level 2 in Earth Magic
  3715 | D:5      | Reached skill level 2 in Poison Magic
  4031 | D:5      | Noticed Edmund
  4057 | D:5      | Killed Edmund
  4058 | D:5      | Reached skill level 3 in Invocations
  4252 | D:5      | Found a glowing golden altar of the Shining One.
  4289 | D:5      | Reached XP level 8. HP: 67/67 MP: 12/12
  4356 | D:5      | Found a hide-covered altar of Uskayaw.
  4548 | D:5      | Noticed Sigmund
  4573 | D:5      | Killed Sigmund
  4574 | D:5      | Reached skill level 3 in Short Blades
  4574 | D:5      | Reached skill level 3 in Long Blades
  4574 | D:5      | Reached skill level 3 in Maces & Flails
  4574 | D:5      | Reached skill level 3 in Polearms
  4574 | D:5      | Reached skill level 3 in Staves
  4574 | D:5      | Reached skill level 3 in Slings
  4574 | D:5      | Reached skill level 3 in Bows
  4574 | D:5      | Reached skill level 3 in Crossbows
  4574 | D:5      | Reached skill level 3 in Throwing
  4574 | D:5      | Reached skill level 3 in Dodging
  4574 | D:5      | Reached skill level 3 in Stealth
  4574 | D:5      | Reached skill level 3 in Unarmed Combat
  4574 | D:5      | Reached skill level 3 in Spellcasting
  4574 | D:5      | Reached skill level 3 in Evocations
  4602 | D:5      | Found a faded altar of an unknown god.
  4604 | D:5      | Found a hazy altar of Hepliaklqana.
  4685 | D:6      | Found a broken altar of Ashenzari.
  4714 | D:6      | Noticed a wraith
  4809 | D:6      | Identified the +1 long sword "Qolagaud" {flame, rPois
                  | Str+3}
  4846 | D:6      | Killed a wraith
  5338 | D:6      | Reached skill level 3 in Conjurations
  5338 | D:6      | Reached skill level 3 in Hexes
  5338 | D:6      | Reached skill level 3 in Summonings
  5338 | D:6      | Reached skill level 3 in Necromancy
  5338 | D:6      | Reached skill level 3 in Translocations
  5338 | D:6      | Reached skill level 3 in Transmutations
  5338 | D:6      | Reached skill level 3 in Fire Magic
  5338 | D:6      | Reached skill level 3 in Ice Magic
  5338 | D:6      | Reached skill level 3 in Air Magic
  5338 | D:6      | Reached skill level 3 in Earth Magic
  5338 | D:6      | Reached skill level 3 in Poison Magic
  5338 | D:6      | Reached skill level 4 in Invocations
  5495 | D:6      | Reached skill level 6 in Axes
  5563 | D:6      | Reached XP level 9. HP: 64/73 MP: 14/14
  5938 | D:6      | Reached skill level 4 in Short Blades
  5938 | D:6      | Reached skill level 4 in Long Blades
  5938 | D:6      | Reached skill level 4 in Maces & Flails
  5938 | D:6      | Reached skill level 4 in Polearms
  5938 | D:6      | Reached skill level 4 in Staves
  5938 | D:6      | Reached skill level 4 in Slings
  5938 | D:6      | Reached skill level 4 in Bows
  5938 | D:6      | Reached skill level 4 in Crossbows
  5938 | D:6      | Reached skill level 4 in Throwing
  5938 | D:6      | Reached skill level 4 in Dodging
  5938 | D:6      | Reached skill level 4 in Stealth
  5938 | D:6      | Reached skill level 4 in Unarmed Combat
  5938 | D:6      | Reached skill level 4 in Spellcasting
  5938 | D:6      | Reached skill level 4 in Evocations
  6307 | D:7      | You pick up a book of Scorching and begin reading...
  6307 | D:7      | You add the spells Scorch, Flame Wave and Summon Cactus
                  | Giant to your library.
  6344 | D:7      | Offered knowledge of Stone Arrow by Vehumet.
  6527 | D:7      | Noticed a kobold demonologist
  6528 | D:7      | Noticed a seven-headed hydra
  6537 | D:7      | Noticed a sixfirhy
  6757 | D:7      | HP: 17/74 [gnoll sergeant (3)]
  6758 | D:7      | HP: 3/74 [gnoll sergeant (13)]
  6793 | D:7      | HP: 7/74 [gnoll sergeant (4)]
  6794 | D:8      | Found a stormy altar of Qazlal.
  7131 | D:7      | Reached skill level 8 in Fighting
  7131 | D:7      | Reached skill level 8 in Armour
  7131 | D:7      | Reached skill level 8 in Shields
  7255 | D:7      | Noticed a seven-headed hydra
  7825 | D:8      | Noticed Maggie
  7830 | D:8      | Killed Maggie
  7831 | D:8      | Reached skill level 5 in Invocations
  8159 | D:8      | Found a staircase to the Lair.
  8160 | D:8      | Noticed a komodo dragon
  8205 | D:8      | Killed a komodo dragon
  8206 | D:8      | Reached skill level 4 in Conjurations
  8206 | D:8      | Reached skill level 4 in Hexes
  8206 | D:8      | Reached skill level 4 in Summonings
  8206 | D:8      | Reached skill level 4 in Necromancy
  8206 | D:8      | Reached skill level 4 in Translocations
  8206 | D:8      | Reached skill level 4 in Transmutations
  8206 | D:8      | Reached skill level 4 in Fire Magic
  8206 | D:8      | Reached skill level 4 in Ice Magic
  8206 | D:8      | Reached skill level 4 in Air Magic
  8206 | D:8      | Reached skill level 4 in Earth Magic
  8206 | D:8      | Reached skill level 4 in Poison Magic
  8206 | D:8      | Reached XP level 10. HP: 80/80 MP: 17/17
  8248 | D:8      | Reached *** piety under Vehumet
  8256 | D:8      | Reached skill level 5 in Short Blades
  8256 | D:8      | Reached skill level 5 in Long Blades
  8256 | D:8      | Reached skill level 5 in Maces & Flails
  8256 | D:8      | Reached skill level 5 in Polearms
  8256 | D:8      | Reached skill level 5 in Staves
  8256 | D:8      | Reached skill level 5 in Slings
  8256 | D:8      | Reached skill level 5 in Bows
  8256 | D:8      | Reached skill level 5 in Crossbows
  8256 | D:8      | Reached skill level 5 in Throwing
  8256 | D:8      | Reached skill level 5 in Dodging
  8256 | D:8      | Reached skill level 5 in Stealth
  8256 | D:8      | Reached skill level 5 in Unarmed Combat
  8256 | D:8      | Reached skill level 5 in Spellcasting
  8256 | D:8      | Reached skill level 5 in Evocations
  8726 | D:8      | Reached skill level 7 in Axes
  9134 | D:8      | Found a blossoming altar of Fedhas.
  9134 | D:8      | Found a burning altar of Makhleb.
  9192 | Lair:1   | Entered Level 1 of the Lair of Beasts
  9306 | Lair:1   | Noticed a six-headed hydra
  9433 | D:8      | Learned a level 2 spell: Poisonous Vapours
  9440 | D:8      | HP: 16/82 [six-headed hydra (12)]
  9441 | D:8      | Slain by a six-headed hydra

Vanquished Creatures
  Maggie (D:8)
  A komodo dragon (D:8)
  Sigmund (D:5)
  A wraith (D:6)
  4 yaks (D:8)
  A basilisk (D:6)
  A wyvern (D:8)
  A steam dragon (D:7)
  Edmund (D:5)
  A water moccasin (D:8)
  A black bear (D:4)
  An orc warrior (D:7)
  2 ice beasts
  2 sky beasts (D:6)
  An ogre (D:5)
  A centaur (D:7)
  4 wolves (D:8)
  A kobold brigand (D:8)
  2 bullfrogs (D:8)
  3 gnoll sergeants
  6 scorpions
  2 centaur zombies
  A gnoll shaman (D:8)
  2 hounds
  2 centaur skeletons
  3 jellies
  2 bullfrog skeletons
  An orc priest (D:3)
  5 iguanas
  4 orc wizards
  A hound skeleton (D:4)
  12 gnolls
  8 adders
  A shadow imp (D:7)
  2 white imps (D:6)
  A worm (D:4)
  3 dart slugs
  16 orcs
  7 endoplasms
  3 giant cockroaches
  8 goblins
  7 hobgoblins
  4 jackals
  4 quokkas
  8 ball pythons
  3 bats
  5 frilled lizards
  12 kobolds
  7 rats
171 creatures vanquished.

Vanquished Creatures (others)
  8 plants (D:8)
8 creatures vanquished.

Grand Total: 179 creatures vanquished

Table legend:
 A = Non-vault XP
 B = Vault XP
 C = Vault XP percentage of total XP
 D = Non-vault monster count
 E = Vault monster count
 F = Vault count percentage of total count
                 A         B        C        D         E       F
            +---------+---------+-------+---------+---------+-------
      Total |    5411 |    1394 |  20.5 |     153 |      18 |  10.5
            +---------+---------+-------+---------+---------+-------
        D:1 |      31 |       0 |   0.0 |      20 |       0 |   0.0
        D:2 |      68 |      65 |  48.9 |      11 |      11 |  50.0
        D:3 |     105 |       0 |   0.0 |      28 |       0 |   0.0
        D:4 |     292 |       0 |   0.0 |      17 |       0 |   0.0
        D:5 |     653 |     392 |  37.5 |      13 |       2 |  13.3
        D:6 |    1154 |       0 |   0.0 |      17 |       0 |   0.0
        D:7 |     709 |     200 |  22.0 |      16 |       3 |  15.8
        D:8 |    2399 |     737 |  23.5 |      31 |       2 |   6.1
            +---------+---------+-------+---------+---------+-------

Illustrated notes

Table legend:
 A = Kills in this place as a percentage of kills in entire the game.
 B = Kills by you in this place as a percentage of kills by you in the entire game.
 C = Kills by friends in this place as a percentage of kills by friends in the entire game.
 D = Other kills in this place as a percentage of other kills in the entire game.
 E = Experience gained in this place as a percentage of experience gained in the entire game.
 F = Experience gained in this place divided by the number of levels of this place that you have seen.
                   A       B       C       D       E      F
               +-------+-------+-------+-------+-------+----------------------
         Total | 100.0 | 100.0 |   N/A |   N/A | 100.0 | 756.1
       Dungeon | 100.0 | 100.0 |   N/A |   N/A | 100.0 | 850.6
               +-------+-------+-------+-------+-------+----------------------

Table legend: (Time is in decaauts)
 A = Elapsed time spent in this place.
 B = Non-inter-level travel time spent in this place.
 C = Inter-level travel time spent in this place.
 D = Time resting spent in this place.
 E = Time spent auto-exploring this place.
 F = Levels seen in this place.
 G = Mean time per level.
                   A        B        C        D        E       F      G
               +--------+--------+--------+--------+--------+-----+--------+
         Total |   9561 |   9123 |    438 |   1204 |   5901 |   9 | 1062.3 |
       Dungeon |   9551 |   9113 |    438 |   1204 |   5901 |   8 | 1193.9 |
          Lair |      9 |      9 |      0 |      0 |      0 |   1 |    9.0 |
               +--------+--------+--------+--------+--------+-----+--------+

Top non-repeatable levels by time:
     D:8: 1819 daAuts
     D:6: 1644 daAuts
     D:2: 1348 daAuts
     D:7: 1281 daAuts
     D:5: 1206 daAuts
     D:1: 802 daAuts
     D:3: 787 daAuts
     D:4: 660 daAuts
  Lair:1: 9 daAuts
